 Dungeon Crawl Stone Soup version bcrawl-1.20.1-3-gdcb1fc31ed (webtiles) character file.

Game seed: 18279087589404143065

160 KristoblXynda the Conjurer (level 5, 0/38 HPs)
             Began as a Draconian Conjurer on Feb 3, 2020.
             Succumbed to Sigmund's poison
             ... on level 3 of the Dungeon.
             The game lasted 00:08:03 (4503 turns).

KristoblXynda the Conjurer (Draconian Conjurer)     Turns: 4503, Time: 00:08:03

Health: 0/38       AC:  5    Str: 10    XL:     5   Next: 17%
Magic:  8/10       EV: 27    Int: 17    God:
Gold:   169        SH:  0    Dex: 11    Spells: 7/11 levels left

rFire    . . .     SeeInvis .   c - +0 war axe
rCold    . . .     Gourm    .   (no shield)
rNeg     . . .     Faith    .   (armour unavailable)
rPois    .         Spirit   .   (helmet restricted)
rElec    .         Reflect  .   (no cloak)
rCorr    .         Harm     .   (no gloves)
MR       .....                  (no boots)
Stlth    ++........             h - amulet of the acrobat
HPRegen  0.12/turn              (no ring)
MPRegen  0.12/turn              (no ring)

@: lethally poisoned (0 -> -27)
A: unfitting armour, antennae 1, cold-blooded, AC +5
a: no special abilities


You were on level 3 of the Dungeon.
You were not hungry.

You visited 1 branch of the dungeon, and saw 3 of its levels.

You collected 169 gold pieces.

Inventory:

Hand Weapons
 c - a +0 war axe (weapon)
Magical Staves
 i - an uncursed staff of fire
Jewellery
 h - an amulet of the acrobat (around neck)
Scrolls
 a - a scroll of remove curse
 f - a scroll of enchant armour {unknown}
 g - a scroll of blinking {unknown}
Potions
 b - 4 potions of magic
Comestibles
 e - 4 rations {!d}


   Skills:
 + Level 2.5 Dodging
 - Level 2.0 Stealth
 + Level 3.5 Spellcasting
 + Level 5.1 Conjurations


You had 7 spell levels left.
You knew the following spells:

 Your Spells              Type           Power        Failure   Level  Hunger
a - Magic Dart            Conj           ###.         1%          1    None
b - Iskenderun's Mystic   Conj           ###.....     6%          3    ###....

Your spell library contained the following spells:

 Spells                   Type           Power        Failure   Level  Hunger
 Searing Ray              Conj           ###.....     3%          2    ##.....
 Fulminant Prism          Conj/Hex       ##........   50%         4    ####...
 Irradiate                Conj/Tmut      ##........   85%         5    ######.


Dungeon Overview and Level Annotations

Branches:
Dungeon (3/12)

Altars:

Annotations:
D:3 Ijyb, Sigmund


Innate Abilities, Weirdness & Mutations

Your plain brown scales are hard. (AC +5)
You cannot fit into any form of body armour.
You are cold-blooded and may be slowed by cold attacks.
You have a pair of small antennae on your head.


Message History

You feel sick. Something hits you!
You are lethally poisoned!
You feel less confused.
You feel sick.
No path to travel!
You feel sick. Something closely misses you. The goblin misses you.
You feel magically purged.
Your magical contamination has completely faded away.
You feel sick.
Ijyb the Twisted Goblin comes into view.
She is wielding a +2 dagger of venom and carrying a wand of polymorph (11).
The goblin misses you. Something hits you.
* * * LOW HITPOINT WARNING * * *
You are more poisoned.
* * * LOW HITPOINT WARNING * * *
You feel very sick.
* * * LOW HITPOINT WARNING * * *
You feel sick.
* * * LOW HITPOINT WARNING * * *
You feel sick.
You die...

#..........#...#.#w..#
...........#.###.#...#
............'..##.#...#
............#g.g..#.###
.......(...##o.###.#
....#########.###.#
#.g##.# ##.##.#######
#@##........
#..#.#######
##.#.#....# #.#..(...#
##...<..#.#
...###.......######
.................#
..###.#..##.####.#
#....#..##.# #.#


You could see an orc, a hobgoblin and 2 goblins.

Vanquished Creatures
  Jessica (D:3)
  Terence (D:2)
  3 adders (D:3)
  4 worms
  A dart slug (D:1)
  A leopard gecko (D:1)
  4 orcs
  5 bats
  A giant cockroach (D:1)
  7 goblins
  4 hobgoblins
  5 jackals
  2 quokkas (D:2)
  2 frilled lizards
  9 kobolds
  24 rats
  2 plants (D:2)
76 creatures vanquished.

Notes
Turn   | Place    | Note
-------+----------+-------------------------------------------
     0 | D:1      | KristoblXynda the Draconian Conjurer began the quest for
                  | the Orb.
     0 | D:1      | Reached XP level 1. HP: 14/14 MP: 3/3
   319 | D:1      | Reached XP level 2. HP: 20/20 MP: 0/5
  1332 | D:2      | Reached XP level 3. HP: 26/26 MP: 2/7
  1743 | D:2      | Noticed Terence
  1769 | D:2      | Gained mutation: You tend to lose your temper in combat.
                  | [potion of mutation]
  1769 | D:2      | Gained mutation: You have a pair of small antennae on your
                  | head. [potion of mutation]
  1769 | D:2      | Lost mutation: You tend to lose your temper in combat.
                  | [potion of mutation]
  1957 | D:2      | Learned a level 3 spell: Iskenderun's Mystic Blast
  2913 | D:2      | Killed Terence
  2913 | D:2      | Reached XP level 4. HP: 33/33 MP: 1/8
  3319 | D:2      | Found a faded altar of an unknown god.
  3980 | D:3      | Noticed Jessica
  3993 | D:3      | Killed Jessica
  3993 | D:3      | Reached skill level 5 in Conjurations
  3994 | D:3      | Noticed Sigmund
  3997 | D:3      | Reached XP level 5. HP: 21/38 MP: 0/10
  4499 | D:3      | Noticed Ijyb
  4503 | D:3      | Succumbed to Sigmund's poison

Skill      XL: |  1  2  3  4 |
---------------+-------------+-----
Spellcasting   | 3 |  3.5
Dodging        | 2 |  2.5
Conjurations   | 5 |  5.1
Stealth        | |  2.0

Action                   |  1- 3 |  4- 6 || total
-------------------------+-------+-------++-------
Melee: Unarmed           |    17 |       ||    17
       Tailslap          |    14 |    10 ||    24
       Short sword       |    50 |       ||    50
       War axe           |    51 |    75 ||   126
 Cast: Magic Dart        |    77 |    27 ||   104
       Iskenderun's Myst |     5 |     6 ||    11
  Use: Scroll            |     3 |     1 ||     4
       Potion            |     1 |     1 ||     2
  Eat: Chunk             |     3 |     3 ||     6
       Ration            |     2 |       ||     2
Armor: Skin              |    19 |    21 ||    40
Dodge: Dodged            |    50 |    50 ||   100
